 Dungeon Crawl Stone Soup version 0.31-a0-851-g7ff8af7976 (webtiles) character file.

Game seed: 10741522108943397248

75 Dirtsage the Chopper (level 4, -5/33 (35) HPs)
             Began as a Demonspawn Berserker on Oct 7, 2023.
             Was a Believer of Trog.
             Slain by Crazy Yiuf
             ... wielding a +3 quarterstaff of chaos
              (11 damage)
             ... on level 3 of the Dungeon.
             The game lasted 00:03:52 (1622 turns).

Dirtsage the Chopper (Demonspawn Berserker)         Turns: 1622, Time: 00:03:53

HP:   -5/33 (35)    AC:  0    Str: 20    XL:     4   Next: 11%
MP:   0/4           EV: 19    Int:  8    God:    Trog [**....]
Gold: 98            SH:  4    Dex: 17    Spells: 3/3 levels left

rFire   . . .        a - melded +0 hand axe
rCold   . . .        (shield currently unavailable)
rNeg    . . .        l - melded +0 plate armour
rPois   .            e - melded +0 helmet
rElec   .            (cloak currently unavailable)
rCorr   .            (gloves currently unavailable)
SInv    .            (boots currently unavailable)
Will    .....        (no amulet)
Stlth   ++           N - melded ring of positive energy
HPRegen 0.25/turn    i - melded +5 ring of evasion
MPRegen 0.18/turn

%: guardian spirit
@: bat-form, flying, drained, very quick
A: fast, flying, no casting, tiny, magic shield, magic regeneration,
condensation shield
a: Renounce Religion, Berserk, Trog's Hand


You were on level 3 of the Dungeon.
You worshipped Trog.
Trog was pleased with you.
You were a bat.
You visited 1 branch of the dungeon, and saw 4 of its levels.

You collected 98 gold pieces.

Inventory:

Hand Weapons
 a - a +0 hand axe (melded)
Armour
 b - a +0 animal skin
 e - a +0 helmet (melded)
 l - a +0 plate armour (melded)
Jewellery
 i - a +5 ring of evasion (melded)
 k - a ring of fire
 N - a ring of positive energy (melded)
Scrolls
 c - a scroll of brand weapon {unknown}
 f - a scroll of amnesia {unknown}
 g - 2 scrolls of identify {unknown}
 h - a scroll of revelation {unknown}
 n - a scroll of immolation {unknown}
Potions
 d - 2 potions of lignification {unknown}
 j - a potion of brilliance {unknown}
 m - a potion of curing {unknown}
 o - 2 potions of attraction {unknown}
 p - a potion of cancellation {unknown}


   Skills:
 - Level 3.0 Fighting
 + Level 4.5 Axes
 - Level 1.7 Armour
 - Level 1.7 Dodging


You had 3 spell levels left.
You didn't know any spells.
Your spell library contained the following spells:

 Spells                   Type           Power      Damage    Failure   Level
 Magic Dart               Conj           0%         1d3       41%         1
 Call Imp                 Summ           0%         N/A       54%         2
 Inner Flame              Hex/Fire       0%         N/A       78%         3
 Mephitic Cloud           Conj/Pois/Air  0%         N/A       78%         3
 Summon Forest            Summ/Tloc      0%         N/A       100%        5
 Summon Mana Viper        Hex/Summ       0%         N/A       100%        5
 Yara's Violent Unravell  Hex/Tmut       0%         3d3       100%        5
 Summon Cactus Giant      Summ           0%         N/A       100%        6
 Enfeeble                 Hex            0%         N/A       100%        7


Dungeon Overview and Level Annotations

Branches:
Dungeon (4/15)
 Temple: D:4-7

Altars:

Annotations:
D:3 Crazy Yiuf


Innate Abilities, Weirdness & Mutations

You are a bat.
You are tiny and dextrous.
You move quickly.
You are flying.
Your equipment is almost entirely melded.
You are incapable of wielding weapons or throwing items.
You cannot cast spells.
When hurt, damage is shared between your health and your magic reserves.
You regenerate magic rapidly.
A meltable shield of frost defends you. (SH +4)


Message History

You open the door.
Crazy Yiuf zaps a wand.
You turn into a bat.
Your +0 hand axe melds into your body.
Your +0 helmet melds into your body.
Your +0 plate armour melds into your body.
Your ring of positive energy melds into your body.
Your +5 ring of evasion melds into your body.
Crazy Yiuf hits you with a +3 quarterstaff of chaos!
You feel drained.
There is an open translucent door, spattered with blood here.
You take 14 damage, and have 21/33 hp.
MASSIVE DAMAGE!!
You now have 2/4 mp.
You barely miss Crazy Yiuf.
Crazy Yiuf screams, "Whippet!
Mama seventy ladder."
Crazy Yiuf closely misses you.
You hit Crazy Yiuf.
Crazy Yiuf is lightly wounded.
You block Crazy Yiuf's attack.
You hit Crazy Yiuf.
Crazy Yiuf is lightly wounded.
You barely miss Crazy Yiuf.
Crazy Yiuf is lightly wounded.
Crazy Yiuf closely misses you.
You barely miss Crazy Yiuf.
Crazy Yiuf is lightly wounded.
Crazy Yiuf barely misses you.
You hit Crazy Yiuf but do no damage.
Crazy Yiuf is lightly wounded.
Crazy Yiuf hits you with a +3 quarterstaff of chaos!!
Ouch! That really hurt!
* * * LOW HITPOINT WARNING * * *
You take 16 damage, and have 6/33 hp.
MASSIVE DAMAGE!!
You now have 1/4 mp.
You hit Crazy Yiuf but do no damage.
Crazy Yiuf is lightly wounded.
Crazy Yiuf misses you.
You hit Crazy Yiuf.
Crazy Yiuf is moderately wounded.
Crazy Yiuf says, "Gum green sanguine!"
Crazy Yiuf closely misses you.
You hit Crazy Yiuf but do no damage.
Crazy Yiuf is moderately wounded.
Crazy Yiuf hits you with a +3 quarterstaff of chaos!
You die...

#....#
#.......#.#
♣....♣
#...(......
♣♣...♣
#.....##.)..
♣♣.♣♣
#####.#.....
♣♣.♣
#+##....
♣.♣♣ #....
♣♣.♣ #....
♣.♣♣ #....
#b# ###..
#.g.# #...
#...# ....#
#)..# ###...
##### #...
.. .. ...
..#


You could see Crazy Yiuf.

Vanquished Creatures
  An adder (D:3)
  A worm (D:2)
  2 dart slugs
  2 orcs (D:3)
  4 endoplasms
  3 giant cockroaches
  7 hobgoblins
  6 kobolds
  4 quokkas
  2 ball pythons
  4 bats
  7 frilled lizards
  3 goblins
  8 rats
54 creatures vanquished.

Notes
Turn   | Place    | Note
-------+----------+-------------------------------------------
     0 | D:1      | Dirtsage the Demonspawn Berserker began the quest for the
                  | Orb.
     0 | D:1      | Reached XP level 1. HP: 18/18 MP: 1/1
   105 | D:1      | Reached skill level 3 in Axes
   107 | D:1      | Gained mutation: You regenerate magic rapidly. [demonic
                  | ancestry]
   107 | D:1      | Reached XP level 2. HP: 23/24 MP: 2/2
   840 | D:2      | Gained mutation: When hurt, damage is shared between your
                  | health and your magic reserves. [demonic ancestry]
   840 | D:2      | Reached XP level 3. HP: 29/29 MP: 3/3
   985 | D:2      | Reached skill level 4 in Axes
  1127 | D:2      | Found a faded altar of an unknown god.
  1163 | D:2      | You fall into a shaft and drop 2 floors!
  1211 | D:3      | Reached ** piety under Trog
  1279 | D:3      | Gained mutation: A meltable shield of frost defends you.
                  | (SH +4) [demonic ancestry]
  1279 | D:3      | Reached XP level 4. HP: 28/35 MP: 2/4
  1608 | D:3      | Found a runed translucent door.
  1609 | D:3      | Noticed Crazy Yiuf
  1622 | D:3      | Slain by Crazy Yiuf

Illustrated notes

Levels and vault maps discovered:
D:1:      dpeg_arrival_rhombus, layout_basic
D:2:      layout_rooms, ebering_ecumenical_altar_sacrificial
D:3:      layout_basic, uniq_crazy_yiuf_cottage
D:4:      layout_gridville, mainiacjoe_overflow_alcove_4, uniq_robin

Skill      XL: |  1  2  3 |
---------------+----------+-----
Axes           | 3 4 |  4.5
Fighting       | |  3.0
Armour         | |  1.7
Dodging        | |  1.7

Action                     |  1- 3 |  4- 6 || total
---------------------------+-------+-------++-------
  Melee: Hand axe          |   146 |    29 ||   175
         Punch             |     2 |       ||     2
         Unarmed           |       |     9 ||     9
 Invoke: Berserk           |     4 |       ||     4
 Armour: Animal skin       |    69 |       ||    69
         Plate armour      |       |    16 ||    16
         Skin              |       |     3 ||     3
  Dodge: Dodged            |   105 |    24 ||   129
  Block: Other             |       |     7 ||     7

Table legend: (Time is in decaauts)
 A = Elapsed time spent in this place.
 B = Non-inter-level travel time spent in this place.
 C = Inter-level travel time spent in this place.
 D = Time resting spent in this place.
 E = Time spent auto-exploring this place.
 F = Levels seen in this place.
 G = Mean time per level.
                   A        B        C        D        E       F      G
               +--------+--------+--------+--------+--------+-----+--------+
         Total |   1669 |   1657 |     12 |    142 |   1075 |   4 |  417.2 |
       Dungeon |   1669 |   1657 |     12 |    142 |   1075 |   4 |  417.2 |
               +--------+--------+--------+--------+--------+-----+--------+

Top non-repeatable levels by time:
     D:1: 696 daAuts
     D:2: 500 daAuts
     D:3: 447 daAuts
     D:4: 24 daAuts
